 Dungeon Crawl Stone Soup version 0.29-a0-284-gf9362112df (webtiles) character file.

Game seed: 13674466484958465659

338 spaghetti the Ducker (level 6, -9/48 HPs)
             Began as a Demonspawn Chaos Knight on Mar 20, 2022.
             Was a Plaything of Xom.
             Killed by nerve-wracking pain
             ... invoked by Menkaure
              (11 damage)
             ... on level 4 of the Dungeon.
             The game lasted 00:07:16 (2772 turns).

spaghetti the Ducker (Demonspawn Chaos Knight)      Turns: 2772, Time: 00:07:22

Health: -9/48      AC:  9    Str: 13    XL:     6   Next: 29%
Magic:  6/6        EV: 13    Int: 15    God:    Xom [*.....]
Gold:   260        SH:  0    Dex: 14    Spells: 5/5 levels left

rFire   . . .      SeeInvis .   q - +2 short sword (vamp) {short}
rCold   . . .      Faith    .   (no shield)
rNeg    . . .      Spirit   .   a - +2 leather armour
rPois   .          Reflect  .   g - +2 hat
rElec   .          Harm     .   (no cloak)
rCorr   .          Rampage  .   m - +1 pair of gloves
Will    .....                   (no boots)
Stlth   +.........              j - amulet of magic regeneration {@e2}
HPRegen 0.16/turn               (no ring)
MPRegen 0.50/turn               (no ring)

@: hasted, very quick
A: demonic touch 2, antennae 1, talons 1, clever 1
a: Renounce Religion


You were on level 4 of the Dungeon.
You worshipped Xom.
You were a special plaything of Xom.
You visited 1 branch of the dungeon, and saw 4 of its levels.

You collected 260 gold pieces.


Innate Abilities, Weirdness & Mutations

Your touch may inflict irresistible damage on your foes.
You have a pair of small antennae on your head.
You have sharp toenails.
Your mind is acute. (Int +2)


   Skills:
 - Level 3.7 Fighting
 - Level 1.7 Armour
 + Level 5.5 Dodging
 - Level 2.6 Unarmed Combat


You had 5 spell levels left.
You didn't know any spells.
Your spell library contained the following spells:

 Spells                   Type           Power      Damage    Failure   Level
 Dazzling Flash           Conj/Hex       0%         N/A       71%         3
 Iskenderun's Mystic Bla  Conj/Tloc      0%         2d3       98%         4
 Starburst                Conj/Fire      0%         6d3       100%        6

Inventory:

Hand Weapons
 e - a +0 dagger {short}
   (Xom gifted it to you on level 4 of the Dungeon)
 q - a +2 vampiric short sword (weapon) {short}
   (You found it on level 3 of the Dungeon)
Missiles
 d - 2 boomerangs {throwing}
 k - 133 stones {throwing}
Armour
 a - a +2 leather armour (worn)
 g - a +2 hat (worn)
   (You found it on level 1 of the Dungeon)
 m - a +1 pair of gloves (worn)
   (You found it on level 1 of the Dungeon)
Magical Staves
 r - a staff of air {!astaff}
   (You found it on level 3 of the Dungeon)
Jewellery
 j - an amulet of magic regeneration (around neck) {@e2}
   (You found it on level 1 of the Dungeon)
Scrolls
 n - a scroll of fear {unknown}
 o - a scroll of enchant armour
Potions
 c - a potion of haste {@q3}
 p - a potion of mutation {!q}
Miscellaneous
 b - a piece from Xom's chessboard (8/15) (quivered)

Dungeon Overview and Level Annotations

Branches:
Dungeon (4/15)
 Temple: D:4-7

Altars:

Shops:
D:1 =

Annotations:
D:4 Menkaure

.. .... .##... ....#### ###
#...##.##..## ..#.
#...........# ......
##5..r....<## ###
......##....bb.....# ##.#
.....#.....Mb.....###...
...>..b@###...b......<..
###.....# ##............ #.
##.....# #...b......... ...
#......###..#..........
...##<..).##.#..####.....#.
#....#....................
.#..##..#..#............. #
#....#########.####.....
#...#....## # .# #..###.


You could see Menkaure (fast, ally target), an ufetubus (confused) and a quokka
(confused).


Message History

Things that are here:
a quokka corpse; a ball python corpse
Found a stone staircase leading down.
A necrophage comes into view.
A necrophage is nearby!
A kobold comes into view. It is wielding a +0 whip.
Found a hand axe.
Found an escape hatch in the ceiling.
The kobold shouts!
The necrophage hits you. 😕 HP[-3]
You take 3 damage, and now have 45/48 hp.
Okay, then.
You hit the necrophage but do no damage.
You touch the necrophage! "Have a taste of chaos, mortal."
The kobold's +0 whip erupts in a glittering mayhem of colour.
The necrophage barely misses you.
You completely miss the necrophage. You claw the necrophage.
You touch the necrophage.
The necrophage hits you but does no damage.
The kobold hits you but does no damage.
You hit the necrophage. You claw the necrophage. The necrophage hits you.
You feel drained.
The kobold hits you but does no damage. 😕 HP[-5]
You now have 47 max hp (-1).
You take 5 damage, and now have 40/47 hp.
You hit the necrophage. You claw the necrophage.
Your touch misses the necrophage. The kobold hits you but does no damage.
You easily resist.
The necrophage misses you. The necrophage barely misses you.
The kobold hits you with a +2 whip of chaos. 😕 HP[-1]
You take 1 damage, and now have 39/47 hp.
You puncture the necrophage!
You destroy the necrophage!
The kobold hits you with a +2 whip of chaos.
You convulse.
Your life force feels restored. 😮 HP[-5]
You now have 48 max hp (+1).
You take 5 damage, and now have 34/48 hp.
You hit the kobold but do no damage. You claw the kobold.
You kill the kobold!
Things that are here:
a +2 whip of chaos {mace}; a kobold corpse Key pressed, stopping explore.
Found a stone staircase leading down. 😎 HP[+14]
Your hp is fully restored (48).
Found a stone staircase leading up.
Menkaure, Prince of Dust comes into view.
Menkaure shouts!
A quokka comes into view.
An ufetubus comes into view.
Menkaure gestures wildly while chanting.
Menkaure seems to speed up.
Xom titters.
You are confused.
The ufetubus looks rather confused.
The quokka looks rather confused.
Menkaure calls on the powers of darkness!
The quokka convulses!
Your body is wracked with pain!
A shower of butterflies erupts from you!
The quokka misses your butterfly. 😮 HP[-23]
You take 23 damage, and now have 25/48 hp.
MASSIVE DAMAGE!! (PAUSE) Unknown command.
Are you sure you want to stumble around while confused and next to your butterfly?
Okay, then.
Are you sure you want to stumble around while confused and next to your butterfly?
Are you sure you want to stumble around while confused and next to your butterfly?
You bump into the rock wall.
Menkaure hits you!
* * * LOW HITPOINT WARNING * * *
😨 HP[-7]
You take 7 damage, and now have 18/48 hp.
Unknown command.
You feel yourself speed up. Menkaure closely misses you.
Unknown command.
Are you sure you want to stumble around while confused and next to your butterfly?
Okay, then.
Are you sure you want to stumble around while confused and next to your butterfly?
Menkaure hits you!
* * * LOW HITPOINT WARNING * * *
😱 HP[-16]
You take 16 damage, and now have 2/48 hp.
MASSIVE DAMAGE!! (PAUSE) Are you sure you want to stumble around while confused and next to your butterfly?
You feel less confused.
The ufetubus barely misses itself.
The ufetubus hits itself.
Unknown command.
You swap places.
Menkaure gestures at you while chanting.
Pain shoots through your body!
* * * LOW HITPOINT WARNING * * *
Unknown command.
Menkaure points at you and mumbles some strange words.
Pain shoots through your body!
You die...
Xom howls with laughter!

Skill      XL: |  1  2  3  4  5 |
---------------+----------------+-----
Dodging        | 1 3 4 5 |  5.5
Fighting       | |  3.7
Armour         | |  1.7
Unarmed Combat | |  2.6

Action                   |  1- 3 |  4- 6 || total
-------------------------+-------+-------++-------
Melee: Unarmed           |    11 |       ||    11
       Whip              |    57 |    56 ||   113
       Touch             |    12 |    17 ||    29
       Short sword       |       |    34 ||    34
       Kick              |       |    20 ||    20
Evoke: Piece from Xom's  |    13 |     5 ||    18
  Use: Scroll            |     7 |     1 ||     8
       Potion            |       |     7 ||     7
 Stab: Petrified         |     1 |     5 ||     6
       Distracted        |       |     1 ||     1
       Sleeping          |       |     1 ||     1
Armor: Leather armour    |    32 |    75 ||   107
Dodge: Dodged            |    45 |   114 ||   159

Levels and vault maps discovered:
D:1:      eino_arrival_water_star, layout_loops_cross, nicolae_shop_unique_rings
D:2:      layout_basic, grunt_decor_clamped
D:3:      kennysheep_big_flooded_room, layout_rooms
D:4:      layout_cave_pools, minmay_temple_entry_statues_fountains,
          minmay_joined_circles, uniq_blork_the_orc, uniq_menkaure

Notes
Turn   | Place    | Note
-------+----------+-------------------------------------------
     0 | D:1      | spaghetti the Demonspawn Chaos Knight began the quest for
                  | the Orb.
     0 | D:1      | Reached XP level 1. HP: 18/18 MP: 1/1
     0 | D:1      | magus.rc [v1.9.6]
     5 | D:1      | You pick up a book of Spectacle and begin reading...
     5 | D:1      | You add the spells Dazzling Flash, Iskenderun's Mystic
                  | Blast and Starburst to your library.
    40 | D:1      | HP: 4/18 [kobold/+0 short sword (4)]
   378 | D:1      | Found Qomicvutt's One-of-a-Kind Rings.
   467 | D:1      | Gained mutation: Your touch may inflict minor irresistible
                  | damage on your foes. [demonic ancestry]
   467 | D:1      | Reached XP level 2. HP: 21/24 MP: 2/2
   539 | D:1      | Reached skill level 1 in Dodging
  1026 | D:2      | Reached XP level 3. HP: 30/30 MP: 3/3
  1095 | D:2      | Reached skill level 2 in Dodging
  1651 | D:3      | XOM: summons friendly white imp
  1656 | D:3      | Reached skill level 3 in Dodging
  1656 | D:3      | Reached XP level 4. HP: 24/37 MP: 4/4
  1760 | D:3      | XOM is BORED!
  1760 | D:3      | XOM: 2-stop teleportation journey
  1837 | D:3      | Noticed a bullfrog
  1846 | D:3      | Killed a bullfrog
  1847 | D:3      | Reached skill level 4 in Dodging
  1847 | D:3      | Reached XP level 5. HP: 39/42 MP: 5/5
  1974 | D:3      | XOM: 1-stop teleportation journey
  1977 | D:3      | Gained mutation: You have sharp toenails. [potion of
                  | mutation]
  1977 | D:3      | Gained mutation: Your mind is acute. (Int +2) [potion of
                  | mutation]
  1977 | D:3      | Gained mutation: You have a pair of small antennae on your
                  | head. [potion of mutation]
  1997 | D:3      | HP: 7/42 [frozen (5)]
  2197 | D:3      | XOM: god gift: 36 gold pieces
  2345 | D:3      | XOM: noise
  2535 | D:4      | Reached skill level 5 in Dodging
  2543 | D:4      | Gained mutation: Your touch may inflict irresistible damage
                  | on your foes. [demonic ancestry]
  2543 | D:4      | Reached XP level 6. HP: 43/48 MP: 6/6
  2621 | D:4      | XOM: god gift: dagger {god gift}
  2655 | D:4      | XOM: chaos upgrade
  2760 | D:4      | Noticed Menkaure
  2763 | D:4      | XOM: confusion (+ monsters)
  2763 | D:4      | XOM: butterfly on damage
  2769 | D:4      | HP: 2/48 [Menkaure (16)]
  2772 | D:4      | Killed from afar by Menkaure

Vanquished Creatures
  A bullfrog (D:3)
  A necrophage (D:4)
  2 orc wizards (D:3)
  2 adders (D:3)
  3 gnolls (D:4)
  3 worms
  4 dart slugs
  4 orcs (D:3)
  4 endoplasms
  A giant cockroach (D:3)
  8 goblins
  4 hobgoblins
  8 jackals
  4 quokkas
  5 ball pythons
  4 bats
  A frilled lizard (D:3)
  9 kobolds
  2 rats
70 creatures vanquished.

Vanquished Creatures (collateral kills)
  An orc priest (D:3)
  A hobgoblin (D:3)
2 creatures vanquished.

Vanquished Creatures (others)
  A ball python (D:3)
1 creature vanquished.

Grand Total: 73 creatures vanquished

Table legend:
 A = Non-vault XP
 B = Vault XP
 C = Vault XP percentage of total XP
 D = Non-vault monster count
 E = Vault monster count
 F = Vault count percentage of total count
                 A         B        C        D         E       F
            +---------+---------+-------+---------+---------+-------
      Total |     478 |       5 |   1.0 |      69 |       3 |   4.2
            +---------+---------+-------+---------+---------+-------
        D:1 |      40 |       0 |   0.0 |      23 |       0 |   0.0
        D:2 |      23 |       0 |   0.0 |       9 |       0 |   0.0
        D:3 |     275 |       3 |   1.1 |      27 |       2 |   6.9
        D:4 |     140 |       2 |   1.4 |      10 |       1 |   9.1
            +---------+---------+-------+---------+---------+-------

Illustrated notes

Table legend:
 A = Kills in this place as a percentage of kills in entire the game.
 B = Kills by you in this place as a percentage of kills by you in the entire game.
 C = Kills by friends in this place as a percentage of kills by friends in the entire game.
 D = Other kills in this place as a percentage of other kills in the entire game.
 E = Experience gained in this place as a percentage of experience gained in the entire game.
 F = Experience gained in this place divided by the number of levels of this place that you have seen.
                   A       B       C       D       E      F
               +-------+-------+-------+-------+-------+----------------------
         Total | 100.0 | 100.0 | 100.0 |   N/A | 100.0 | 120.8
       Dungeon | 100.0 | 100.0 | 100.0 |   N/A | 100.0 | 120.8
               +-------+-------+-------+-------+-------+----------------------

Table legend: (Time is in decaauts)
 A = Elapsed time spent in this place.
 B = Non-inter-level travel time spent in this place.
 C = Inter-level travel time spent in this place.
 D = Time resting spent in this place.
 E = Time spent auto-exploring this place.
 F = Levels seen in this place.
 G = Mean time per level.
                   A        B        C        D        E       F      G
               +--------+--------+--------+--------+--------+-----+--------+
         Total |   2785 |   2736 |     49 |    720 |   1491 |   4 |  696.2 |
       Dungeon |   2785 |   2736 |     49 |    720 |   1491 |   4 |  696.2 |
               +--------+--------+--------+--------+--------+-----+--------+

Top non-repeatable levels by time:
     D:1: 998 daAuts
     D:3: 848 daAuts
     D:2: 649 daAuts
     D:4: 288 daAuts
